[Event "Early-Titled-Tuesday-Blitz-June-18-2024"]
[Site "Chess.com"]
[Date "2024.06.18"]
[Round "1"]
[White "LeoLV10"]
[Black "ningyzhou"]
[Result "0-1"]
[WhiteElo "2553"]
[BlackElo "2133"]
[TimeControl "180+1"]
[EndTime "8:06:27 PDT"]
[Termination "ningyzhou won by resignation"]

1. e4 e5 2. Nf3 Nc6 3. Bb5 a6 4. Ba4 Nf6 5. O-O Be7 6. Re1 b5 7. Bb3 d6 8. a4 Bb7 9. c3 O-O 10.
h3 Na5 11. Bc2 c5 12. d4 Qc7 13. d5 b4 14. Bg5 Rab8 15. Nbd2 Bc8 16. c4 h6 17. Be3 Bd7 18. b3 Nh7 19. Nh2 f5 20. exf5 Bxf5 21. Bxf5 Rxf5 22. Qc2 Rbf8 23. Ne4 Qd8 24.
Rad1 Ng5 25. Ng3 R5f7 26. Ng4 Nh7 27. Qg6 Kh8 28. Qc2 Bg5 29. Bxg5 Qxg5 30. Ne4 Qe7 31.
f3 Ng5 32. Rf1 Nxe4 33. fxe4 Rxf1+ 34. Rxf1 Rxf1+ 35. Kxf1 Qf7+ 36. Kg1 Qf4 37. Nf2 Qe3 38. Qd1 Nxb3 39. Kf1 Nd2+ 40. Kg1 Nxe4 0-1

[Event "Early-Titled-Tuesday-Blitz-June-18-2024"]
[Site "Chess.com"]
[Date "2024.06.18"]
[Round "1"]
[White "SuperGPatzer"]
[Black "axvesik"]
[Result "0-1"]
[WhiteElo "2087"]
[BlackElo "2566"]
[TimeControl "180+1"]
[EndTime "8:06:27 PDT"]
[Termination "axvesik won by resignation"]

1. g4 e6 2. d4 d5 3. Nc3 c5 4.
e4 Nf6 5. e5 Ne4 6. Nxe4 dxe4 7. c3 Nc6 8. Bb5 Qb6 9. Qa4 cxd4 10. cxd4 Bd7 11. Be3 Nxe5 12. Bxd7+ Nxd7 13. Ne2 Qxb2 14. Rc1 Qb4+ 15. Qxb4 Bxb4+ 16. Kf1 h5 17. g5 f5 18. Nf4 e5 19. Ne6 Kf7 20. Nc7 Rac8 21. Kg2 f4 22. Nd5 Ba5 23. Bxf4 exf4 24. Nxf4 Bd2 25.
Rxc8 Rxc8 26. Nd5 Ke6 27. Ne3 Bxe3 28. fxe3 Rc2+ 29. Kg3 Rxa2 30. Rf1 Nb6 31. Rf4 Nd5 32. Rxe4+ Kd6 33. Kh4 Rxh2+ 34. Kg3 Re2 35. Kf3 Rxe3+ 36. Rxe3 Nxe3 37. Kxe3 g6 38. Ke4 a5 39. Kd3 Kd5 40. Kc3 h4 41. Kb3 h3 0-1

[Event "Early-Titled-Tuesday-Blitz-June-18-2024"]
[Site "Chess.com"]
[Date "2024.06.18"]
[Round "1"]
[White "Sokoloco"]
[Black "Zampronha1971"]
[Result "1-0"]
[WhiteElo "2746"]
[BlackElo "2419"]
[TimeControl "180+1"]
[EndTime "8:06:28 PDT"]
[Termination "Sokoloco won on time"]

1. b3 e5 2. Bb2 Nc6 3. e3 d5 4.
Nf3 Bd6 5. c4 dxc4 6. Bxc4 Nf6 7. O-O O-O 8. h3 Bf5 9. d3 a6 10. e4 Bd7 11. Nc3 b5 12. Bd5 Nxd5 13. Nxd5 f5 14. Rc1 Rc8 15. Re1 Nb4 16. Nxe5 Nxa2 17. Ra1 Nb4 18. Nxb4 Bxb4 19. Re3 a5 20. Rg3 g6 21.
Nxg6 f4 22. Nxf4+ 1-0

[Event "Early-Titled-Tuesday-Blitz-June-18-2024"]
[Site "Chess.com"]
[Date "2024.06.18"]
[Round "1"]
[White "Kotofeyca"]
[Black "ViIIagra"]
[Result "0-1"]
[WhiteElo "2502"]
[BlackElo "2893"]
[TimeControl "180+1"]
[EndTime "8:06:29 PDT"]
[Termination "ViIIagra won by checkmate"]

1. d4 d6 2. c4 e5 3. Nf3 e4 4. Nfd2 f5 5. f3 e3 6. Nb3 f4 7.
g3 Be7 8. Qd3 Nh6 9. gxf4 Bh4+ 10.
Kd1 O-O 11. Bxe3 Nc6 12. Nc3 Bf5 13. Ne4 d5 14. cxd5 Nb4 15. Qc4 Nxd5 16. Nc3 c6 17. Bd2 Be6 18. Nxd5 cxd5 19. Qd3 b6 20. e4 Rc8 21. f5 Nxf5 22. exf5 Bxf5 23. Qb5 Bc2+ 24. Ke2 Re8+ 25. Be3 Bg5 26. Bh3 Rxe3+ 27. Kf2 Bd3 28. Qb4 Rc2+ 29. Kg3 Bh4+ 30. Kf4 Qg5# 0-1

[Event "Early-Titled-Tuesday-Blitz-June-18-2024"]
[Site "Chess.com"]
[Date "2024.06.18"]
[Round "1"]
[White "DuleMudule"]
[Black "Kopytkin"]
[Result "1-0"]
[WhiteElo "2768"]
[BlackElo "2428"]
[TimeControl "180+1"]
[EndTime "8:06:29 PDT"]
[Termination "DuleMudule won on time"]

1. d4 d5 2. Bf4 c5 3. e3 cxd4 4. exd4 Nc6 5. c3 Bf5 6. Bd3 Bxd3 7. Qxd3 e6 8. Nd2 Bd6 9. Bxd6 Qxd6 10. Ne2 Nf6 11.
f4 O-O 12. O-O Rab8 13. a3 b5 14. Ng3 Rfe8 15. Nf3 Qxf4 16. Rae1 Qc7 17. Ng5 h6 18. Nh3 Ne7 19. Rxf6 gxf6 20. Nh5 Ng6 21. Nxf6+ Kg7 22. Nxe8+ Rxe8 23. Qxb5 Rb8 24. Qe2 Qb7 25. Rb1 a5 26. Nf2 a4 27. Nd3 Qb5 28. Rf1 f5 29. Rf2 Rb6 30. Qe3 Qe8 31. h4 Qb8 32. h5 Ne7 33.
Nf4 Qd6 34. Rf3 Kf7 35. Nd3 Ng8 36. Ne5+ Ke8 37. Rg3 Nf6 38. Qxh6 Ng4 39. Qh8+ Qf8 40. Qxf8+ Kxf8 41. Nxg4 fxg4 42. Rxg4 Rxb2 43. h6 Rb7 44. Rg6 Re7 45. g4 Ke8 46. g5 Kd7 47. Rg7 1-0

[Event "Early-Titled-Tuesday-Blitz-June-18-2024"]
[Site "Chess.com"]
[Date "2024.06.18"]
[Round "1"]
[White "KononenkoD"]
[Black "FMalexhdez"]
[Result "1-0"]
[WhiteElo "2632"]
[BlackElo "2303"]
[TimeControl "180+1"]
[EndTime "8:06:29 PDT"]
[Termination "KononenkoD won on time"]

1. e4 c5 2. Nf3 d6 3. d4 cxd4 4.
Nxd4 Nf6 5. Nc3 a6 6. Bc4 e6 7. Bb3 Be7 8. f4 Nbd7 9. O-O Qc7 10. Kh1 b5 11. f5 e5 12. Nde2 Bb7 13. a3 Nc5 14.
Bd5 Ncxe4 15. Nxe4 Nxe4 16. Bxe4 Bxe4 17. Ng3 Qb7 18. Qe2 Bd5 19. f6 gxf6 20. Nf5 Bc4 21. Qf2 Bxf1 22. Qxf1 Rc8 23. c3 Rg8 24. Bh6 Rc4 25.
Rd1 Rcg4 26. Ng3 R8g6 27. Be3 d5 28. Qf5 Rxg3 29. hxg3 Rxg3 30. Bf2 Rg5 31. Qxh7 d4 32. Qh8+ Bf8 33. Qh3 Qe4 34. cxd4 Qe2 35. Qc8+ Ke7 36. Rc1 f5 37. dxe5 1-0

[Event "Early-Titled-Tuesday-Blitz-June-18-2024"]
[Site "Chess.com"]
[Date "2024.06.18"]
[Round "1"]
[White "KorolDimitriy75"]
[Black "Eduard_Limonov"]
[Result "0-1"]
[WhiteElo "2520"]
[BlackElo "2953"]
[TimeControl "180+1"]
[EndTime "8:06:30 PDT"]
[Termination "Eduard_Limonov won by resignation"]

1. d4 Nf6 2. c4 e6 3. Nc3 Bb4 4. Qc2 O-O 5. e4 d5 6. cxd5 exd5 7. e5 Ne4 8. Bd3 c5 9. Ne2 Nc6 10. O-O cxd4 11. Nxd5 Qxd5 12. Bxe4 Qxe5 13. Bxh7+ Kh8 14. Bf4 Qf6 15. Be4 Bg4 16. f3 Be6 17. a3 Ba5 18. Qc5 Kg8 19. Qh5 g6 20. Qh6 Bc4 21. Rf2 d3 22.
Nc3 Nd4 23. Bg5 Qg7 24. Qh4 Bd8 25. Rd1 Ne2+ 26. Kh1 Nxc3 27. bxc3 Bxg5 28. Qxg5 Rad8 29. Rfd2 Qxc3 30. Bxb7 Bb3 31. h4 Bxd1 32. Rxd1 Qb3 33. Bd5 Rxd5 0-1

[Event "Early-Titled-Tuesday-Blitz-June-18-2024"]
[Site "Chess.com"]
[Date "2024.06.18"]
[Round "1"]
[White "stolencandy13"]
[Black "giovannibrandao7"]
[Result "1-0"]
[WhiteElo "2632"]
[BlackElo "2301"]
[TimeControl "180+1"]
[EndTime "8:06:30 PDT"]
[Termination "stolencandy13 won by checkmate"]

1. d4 Nf6 2. Bf4 g6 3. Nc3 d5 4. Nf3 Bg7 5. e3 c6 6. Qd2 O-O 7. Ne5 Be6 8. h4 Nbd7 9. f3 Nxe5 10. Bxe5 Nh5 11. Bxg7 Nxg7 12. g4 f5 13. h5 fxg4 14. hxg6 hxg6 15. fxg4 Bxg4 16. Be2 Bxe2 17. Nxe2 e5 18.
O-O-O Qf6 19. Rdg1 exd4 20. exd4 Rae8 21. b3 Qf2 22.
Qh6 Qe3+ 23. Qxe3 Rxe3 24. Kd2 Rfe8 25. Nf4 R3e4 26. Nxg6 Rxd4+ 27. Kc3 Rde4 28. Rf1 R4e6 29. Rh8# 1-0

[Event "Early-Titled-Tuesday-Blitz-June-18-2024"]
[Site "Chess.com"]
[Date "2024.06.18"]
[Round "1"]
[White "HansOnTwitch"]
[Black "Defend1r"]
[Result "1-0"]
[WhiteElo "3162"]
[BlackElo "2545"]
[TimeControl "180+1"]
[EndTime "8:06:32 PDT"]
[Termination "HansOnTwitch won by resignation"]

1. e4 c5 2. Nf3 d6 3. d4 cxd4 4.
Nxd4 Nf6 5. Nc3 a6 6. h3 e5 7.
Nb3 h5 8. Be3 Be6 9. Nd5 Nxd5 10. exd5 Bf5 11. Be2 Nd7 12. Bxh5 Be7 13. Be2 Nf6 14.
c4 a5 15. Nd2 a4 16. b4 axb3 17. axb3 Nd7 18. Rxa8 Qxa8 19. O-O O-O 20. Qa1 Qc8 21. b4 Qc7 22. Rc1 Nf6 23. Qa7 Nxd5 24. Qa3 Nxe3 25. Qxe3 Rc8 26. Bf3 Be6 27. Nb3 b5 28. cxb5 Qb8 29.
Rxc8+ Qxc8 30. b6 d5 31. Qxe5 Bxb4 32. Bxd5 Bxd5 33. Qxd5 Qb8 34. b7 Bd6 35. Nd4 Kf8 36. Nc6 Qc7 37. b8=Q+ Qxb8 38. Nxb8 1-0

[Event "Early-Titled-Tuesday-Blitz-June-18-2024"]
[Site "Chess.com"]
[Date "2024.06.18"]
[Round "1"]
[White "StoreySniper"]
[Black "Losingexperience"]
[Result "0-1"]
[WhiteElo "2427"]
[BlackElo "2765"]
[TimeControl "180+1"]
[EndTime "8:06:32 PDT"]
[Termination "Losingexperience won on time"]

1. d4 Nf6 2. Bg5 d5 3. Bxf6 gxf6 4. e3 c5 5. dxc5 e6 6. Qh5 Bxc5 7. Nd2 Nc6 8. Ngf3 Bd7 9. Bd3 Qe7 10. a3 O-O-O 11. b4 Bd6 12. c4 Ne5 13. Nxe5 Bxe5 14. Rc1 Kb8 15. O-O Rhg8 16. cxd5 exd5 17. g3 Bg4 18.
Qh4 d4 19. e4 h5 20. f4 Bc7 21. e5 Rge8 22. h3 Bc8 23. Qxf6 Qxf6 24. exf6 Bxh3 25. Rfe1 Re3 26. Bf1 Rxg3+ 27. Kh2 Bxf4 28. Bxh3 Rxa3+ 29. Kg2 Rg8+ 30. Kf2 Bxd2 31. Bf5 Be3+ 32. Kf3 Bxc1+ 0-1

[Event "Early-Titled-Tuesday-Blitz-June-18-2024"]
[Site "Chess.com"]
[Date "2024.06.18"]
[Round "1"]
[White "Sek_Konstantin"]
[Black "HelenaWalker2912"]
[Result "1-0"]
[WhiteElo "2724"]
[BlackElo "2407"]
[TimeControl "180+1"]
[EndTime "8:06:35 PDT"]
[Termination "Sek_Konstantin won by resignation"]

1. e4 c6 2. c4 d5 3. exd5 cxd5 4. cxd5 Nf6 5. Nc3 Nxd5 6. Nf3 Nc6 7. Bb5 g6 8. Qa4 Nb6 9. Qh4 Bg7 10. d4 Bd7 11. Bh6 Bf6 12. Qf4 a6 13. Be2 Qb8 14. Qe3 Qd6 15. Rd1 Nd5 16. Nxd5 Qxd5 17. O-O O-O-O 18. Rc1 Kb8 19. Rc5 Qxa2 20. d5 Nb4 21. Bc4 Qxb2 22. Bf4+ Ka8 23. Rc7 Bf5 24. Be5 Bxe5 25. Nxe5 Nxd5 26.
Bxd5 Rxd5 27. Nxf7 Re8 28. h3 e5 29. Rfc1 Qd2 30. Qb6 Rb8 31. Ra1 Qd4 32. Rxa6+ 1-0

[Event "Early-Titled-Tuesday-Blitz-June-18-2024"]
[Site "Chess.com"]
[Date "2024.06.18"]
[Round "1"]
[White "gpsji27"]
[Black "Mikhail_Golubev"]
[Result "0-1"]
[WhiteElo "2310"]
[BlackElo "2640"]
[TimeControl "180+1"]
[EndTime "8:06:36 PDT"]
[Termination "Mikhail_Golubev won by resignation"]

1. d4 Nf6 2. c4 d6 3. Nf3 g6 4. Nc3 Bg7 5. g3 O-O 6. Bg2 c5 7. O-O Nc6 8. d5 Na5 9. Nd2 e6 10. e4 exd5 11. exd5 Re8 12. Rb1 Bf5 13. Ra1 Bd3 14. Re1 Rxe1+ 15. Qxe1 Nxc4 16. Nxc4 Bxc4 17. Bg5 h6 18. Bf4 Qd7 19. Qd2 Re8 20. Re1 Rxe1+ 21.
Qxe1 b5 22. b3 Bd3 23. Qe3 Bf5 24. Qe2 g5 25. Bd2 b4 26. Nd1 Ng4 27. Ne3 Nxe3 28. Bxe3 Bf6 29. Qa6 Kg7 30. Bf1 Qe7 31. Bb5 Qe4 32. Bf1 Qxd5 33. Qxa7 Qd1 34. Qa6 Be4 35. Qe2 Qxe2 36. Bxe2 Bb1 37. Bd1 Bxa2 38. Bc2 c4 39. bxc4 b3 40. Bd2 bxc2 0-1

[Event "Early-Titled-Tuesday-Blitz-June-18-2024"]
[Site "Chess.com"]
[Date "2024.06.18"]
[Round "1"]
[White "Dreamer_01"]
[Black "Evan_Attaker"]
[Result "1/2-1/2"]
[WhiteElo "2399"]
[BlackElo "2689"]
[TimeControl "180+1"]
[EndTime "8:06:37 PDT"]
[Termination "Game drawn by repetition"]

1. e4 d6 2. d4 Nf6 3. Nc3 g6 4.
f3 Bg7 5. Be3 c6 6. Qd2 h5 7.
O-O-O Qa5 8. Kb1 Nbd7 9. h4 b5 10. Nh3 b4 11. Ne2 Ba6 12. Nc1 Bxf1 13. Rhxf1 Qb5 14.
Ng5 a5 15. f4 Nb6 16. e5 Nfd5 17. Bg1 O-O 18. Qd3 Nc4 19. e6 f5 20. Nf7 Rfb8 21.
Qg3 Nd2+ 22. Ka1 Nxf1 23. Qxg6 Nxf4 24. Nh6+ Kh8 25. Nf7+ Kg8 26. Nh6+ Kh8 27. Nf7+ Kg8 1/2-1/2

[Event "Early-Titled-Tuesday-Blitz-June-18-2024"]
[Site "Chess.com"]
[Date "2024.06.18"]
[Round "1"]
[White "JanMur7"]
[Black "RantomOpening"]
[Result "0-1"]
[WhiteElo "2236"]
[BlackElo "2603"]
[TimeControl "180+1"]
[EndTime "8:06:37 PDT"]
[Termination "RantomOpening won on time"]

1. c4 e6 2. Nc3 Nf6 3. e4 d6 4.
d4 Nbd7 5. Be2 Be7 6. Be3 O-O 7. g4 b6 8. h4 Bb7 9. f3 e5 10. d5 Nc5 11. Nh3 a5 12. Nf2 c6 13. h5 Ne8 14.
Qd2 Nc7 15. O-O-O cxd5 16. cxd5 Ba6 17. Rhg1 Qd7 18. g5 Nb5 19. Nxb5 Bxb5 20. Bxb5 Qxb5 21. g6 fxg6 22. hxg6 a4 23. gxh7+ Kh8 24. Bh6 Bf6 25. Bxg7+ Bxg7 26. Rxg7 Kxg7 27. Ng4 Nd3+ 28. Kb1 Qxb2+ 29. Qxb2 Nxb2 30. Kxb2 Kxh7 31. Rc1 Rfc8 0-1

[Event "Early-Titled-Tuesday-Blitz-June-18-2024"]
[Site "Chess.com"]
[Date "2024.06.18"]
[Round "1"]
[White "Polish_fighter3000"]
[Black "Lady_Nika"]
[Result "1-0"]
[WhiteElo "3077"]
[BlackElo "2541"]
[TimeControl "180+1"]
[EndTime "8:06:38 PDT"]
[Termination "Polish_fighter3000 won by resignation"]

1. b3 d5 2. Bb2 Nf6 3. g3 g6 4. Bxf6 exf6 5. Bg2 Bg7 6. d4 f5 7. e3 O-O 8. Ne2 c6 9. Nd2 Nd7 10. O-O Re8 11. c4 Nf6 12. Rc1 Be6 13. Nf4 Qa5 14. cxd5 Nxd5 15. Nxd5 Bxd5 16. Rc5 Qd8 17. Bxd5 cxd5 18.
Qf3 Bf8 19. Rxd5 Qc7 20. Nc4 a6 21. a4 Rad8 22. Rxd8 Rxd8 23. Ra1 b5 24. axb5 axb5 25. Ne5 Bg7 26. Nc6 Rc8 27. Rc1 Kh8 28. Qd5 h5 29.
Qxb5 h4 30. Kg2 Ra8 31. Rc4 Qd6 32. Qc5 Qe6 33. d5 Qd7 34. Rxh4+ Kg8 35. Ne7+ Kf8 36. Nxf5+ Kg8 37. Ne7+ Kf8 38. Nxg6+ Kg8 39. Ne7+ 1-0

[Event "Early-Titled-Tuesday-Blitz-June-18-2024"]
[Site "Chess.com"]
[Date "2024.06.18"]
[Round "1"]
[White "LewAnatol"]
[Black "subham777"]
[Result "1-0"]
[WhiteElo "2250"]
[BlackElo "2586"]
[TimeControl "180+1"]
[EndTime "8:06:40 PDT"]
[Termination "LewAnatol won on time"]

1. e4 e6 2. d4 d5 3. Nc3 Nf6 4.
e5 Nfd7 5. f4 c5 6. Nf3 Nc6 7.
a3 a6 8. Ne2 b5 9. Be3 Qb6 10. c3 g6 11. g3 h6 12. Bg2 Bb7 13.
O-O Be7 14. b4 c4 15. a4 Kf8 16. Qc2 bxa4 17. Rxa4 Kg7 18. g4 a5 19. bxa5 Rxa5 20. Rxa5 Nxa5 21. f5 exf5 22. gxf5 Qb3 23. f6+ Nxf6 24.
exf6+ Bxf6 25. Qd2 Bc8 26. Ne5 Qb5 27. Bxh6+ Rxh6 28.
Rxf6 Kxf6 29. Qxh6 Qb1+ 30. Bf1 Bf5 31. Qh8+ Ke7 32. Qa8 Qe4 33. Qa7+ Kf6 34. Qxf7+ Kg5 35. Qe7+ Kh6 36. Nf7+ Kg7 37. Qxe4 Bxe4 38. Nd6 Bf3 39. Nf4 Nb3 40. Bg2 Be4 41. Nxd5 1-0

[Event "Early-Titled-Tuesday-Blitz-June-18-2024"]
[Site "Chess.com"]
[Date "2024.06.18"]
[Round "1"]
[White "abelmat"]
[Black "Nozdrachev_Leonid"]
[Result "0-1"]
[WhiteElo "2039"]
[BlackElo "2563"]
[TimeControl "180+1"]
[EndTime "8:06:40 PDT"]
[Termination "Nozdrachev_Leonid won by resignation"]

1. d4 d5 2. c4 e6 3. Nf3 Nf6 4. Nc3 c5 5. e3 Nc6 6. Bd3 cxd4 7.
exd4 dxc4 8. Bxc4 Be7 9. O-O O-O 10. d5 Na5 11. Bb3 Nxb3 12. axb3 exd5 13. Bg5 Bg4 14. Bxf6 Bxf6 15. Nxd5 Bxb2 16. Ra4 Be6 17. Qc2 Bxd5 18. Qxb2 Bxf3 19. gxf3 Qd3 20. Rg4 g6 21. Kg2 Rac8 22.
h4 Rc3 23. Rg3 Rxb3 24. Qf6 Rb6 25. Qa1 Ra6 26. Qe5 Qd6 27. Qg5 Qf6 28. Qg4 Ra5 29. Qe4 b6 30. Rh1 Rh5 31. Rg4 Rd8 32. Qb7 Rd3 33.
Rc4 Kg7 34. Rc8 Rhd5 35. Rh3 Rd7 36. Qa8 Rd8 37. Rxd8 Rxd8 38. Qxa7 Rd2 39. Qa8 Qd4 40. Rg3 Rxf2+ 41. Kh3 Qd7+ 42. Rg4 Rxf3+ 43. Kh2 Qxg4 44. Qa1+ Rf6 0-1

[Event "Early-Titled-Tuesday-Blitz-June-18-2024"]
[Site "Chess.com"]
[Date "2024.06.18"]
[Round "1"]
[White "ulises2013"]
[Black "Payyappat"]
[Result "1-0"]
[WhiteElo "2863"]
[BlackElo "2493"]
[TimeControl "180+1"]
[EndTime "8:06:41 PDT"]
[Termination "ulises2013 won on time"]

1. e4 c6 2. g3 d5 3. Bg2 e5 4. exd5 cxd5 5. d4 e4 6. Ne2 Bd6 7. O-O Nc6 8. c4 dxc4 9. Nbc3 Nf6 10. Bg5 Bf5 11. Qa4 O-O 12. Qxc4 Rc8 13. Qa4 Re8 14.
h3 h6 15. Be3 Qd7 16. Kh2 a6 17. Rac1 Bb8 18. Rfd1 Nh5 19. d5 Ne5 20. Qxd7 Nxd7 21.
Na4 Rxc1 22. Rxc1 Ne5 23. Nb6 Nf3+ 24. Bxf3 exf3 25. Nd4 Rxe3 26. Nxf5 Re2 27. Rc8+ Kh7 28. Rxb8 Rxf2+ 29. Kg1 Rg2+ 30. Kf1 g6 31. g4 Nf4 32. Ne3 Rxb2 33. Nbc4 Rxa2 34. d6 Nxh3 35. Ke1 f2+ 36. Kd1 Ra1+ 37. Kc2 Ng5 38. d7 Ne6 39. Nd2 Ra2+ 40.
Kc1 Ra1+ 41. Kb2 Re1 42. Ndf1 Re2+ 43. Kc3 1-0

[Event "Early-Titled-Tuesday-Blitz-June-18-2024"]
[Site "Chess.com"]
[Date "2024.06.18"]
[Round "1"]
[White "Casper"]
[Black "Aradhya2000"]
[Result "0-1"]
[WhiteElo "2472"]
[BlackElo "2830"]
[TimeControl "180+1"]
[EndTime "8:06:41 PDT"]
[Termination "Aradhya2000 won by resignation"]

1. e4 e5 2. Nf3 Nc6 3. Nc3 Nf6 4. d4 Bb4 5. Nxe5 Bxc3+ 6. bxc3 Qe7 7. Nxc6 Qxe4+ 8. Be2 Qxc6 9. O-O Qxc3 10. Bg5 Ne4 11. Bf4 d5 12. Re1 O-O 13. Be5 c6 14. Bd3 f6 15. Bf4 Qxd4 16. Bxe4 Qxd1 17. Raxd1 dxe4 18. Rxe4 Bf5 19. Re7 Rf7 20. Rde1 Bxc2 21.
Bd6 Rxe7 22. Rxe7 Rd8 23. Bb4 b6 24. f3 a5 25. Bc3 Rd3 26. Bb2 Bb1 27. a3 c5 28. h4 c4 29. Rc7 Ba2 30. h5 h6 31.
Kh2 b5 32. Kg3 b4 33. axb4 axb4 34. Kf4 c3 35. Bc1 b3 36. Ba3 b2 37. Rb7 b1=Q 0-1

[Event "Early-Titled-Tuesday-Blitz-June-18-2024"]
[Site "Chess.com"]
[Date "2024.06.18"]
[Round "1"]
[White "Karina_Ivanova"]
[Black "chess94cu"]
[Result "0-1"]
[WhiteElo "2265"]
[BlackElo "2620"]
[TimeControl "180+1"]
[EndTime "8:06:42 PDT"]
[Termination "chess94cu won by resignation"]

1. Nc3 d5 2. d4 Nf6 3. Bf4 c5 4.
e3 a6 5. Nf3 cxd4 6. exd4 Nc6 7.
Be2 Bg4 8. O-O e6 9. h3 Bxf3 10. Bxf3 Bd6 11. Bxd6 Qxd6 12. Qd2 O-O 13. Rad1 Rac8 14.
Rfe1 h6 15. a3 b5 16. Ne2 a5 17. c3 b4 18. axb4 axb4 19. cxb4 Qxb4 20. Nc3 Na5 21. Ne4 Qxd2 22. Nxf6+ gxf6 23. Rxd2 Nc4 24. Rc2 Rb8 25. Ree2 Rb4 26. Kf1 Ra8 27. g3 Ra1+ 28. Kg2 Rb1 29. h4 f5 30. g4 fxg4 31. Bxg4 Kg7 32. f4 R1xb2 33. Rxb2 Nxb2 34. Rd2 Nc4 35. Re2 Nd6 36.
Rd2 Ne4 37. Rd3 Rb2+ 38. Kf3 f5 39. Bh3 Nf2 0-1

[Event "Early-Titled-Tuesday-Blitz-June-18-2024"]
[Site "Chess.com"]
[Date "2024.06.18"]
[Round "1"]
[White "Gareth-Bale11"]
[Black "tomesao"]
[Result "1-0"]
[WhiteElo "2941"]
[BlackElo "2517"]
[TimeControl "180+1"]
[EndTime "8:06:44 PDT"]
[Termination "Gareth-Bale11 won by resignation"]

1. e4 c6 2. d4 d5 3. exd5 cxd5 4.
Bd3 Nc6 5. c3 Nf6 6. Bf4 Bg4 7.
Qb3 e5 8. dxe5 Nh5 9. Be3 Nxe5 10. Bb5+ Bd7 11. Qxd5 f6 12. Qxb7 Be7 13. Nd2 Rb8 14. Bxd7+ Nxd7 15. Qd5 Ne5 16. Qxd8+ Bxd8 17. b4 Rc8 18.
Ne2 Nd3+ 19. Kd1 f5 20. a3 a6 21. Kc2 Ne5 22. Kb3 Kf7 23. Nf3 Ng4 24. Rhd1 Nxe3 25.
fxe3 Re8 26. Rd3 Nf6 27. Ned4 g6 28. c4 Ne4 29. c5 Bf6 30. Rc1 g5 31. Nxf5 g4 32.
N3d4 a5 33. Kc4 axb4 34. axb4 Ra8 35. c6 Ra4 36. Nb5 Re6 37. Kb3 Ra8 38. c7 Rc8 39. Nfd6+ Nxd6 40. Nxd6+ Rxd6 41. Rxd6 1-0

[Event "Early-Titled-Tuesday-Blitz-June-18-2024"]
[Site "Chess.com"]
[Date "2024.06.18"]
[Round "1"]
[White "MaestroCheck"]
[Black "teresin05"]
[Result "1-0"]
[WhiteElo "2640"]
[BlackElo "2311"]
[TimeControl "180+1"]
[EndTime "8:06:45 PDT"]
[Termination "MaestroCheck won by checkmate"]

1. e4 c5 2. Nc3 Nc6 3. Bb5 Nd4 4. Nf3 a6 5. Bd3 g6 6. O-O Bg7 7. Re1 d6 8. Nxd4 cxd4 9. Ne2 e5 10. c3 dxc3 11. dxc3 Ne7 12. Be3 Be6 13. c4 O-O 14.
Nc3 f5 15. Nd5 fxe4 16. Bxe4 Rc8 17. Bg5 Bxd5 18. Bxd5+ Kh8 19. Rc1 Bf6 20. Bxf6+ Rxf6 21. Bxb7 Rb8 22. Bf3 Rxb2 23. c5 Rxa2 24. Rxe5 Rb2 25. c6 Nxc6 26. Rxc6 Qb8 27. Re1 a5 28. Qd4 Kg7 29. h3 Rb1 30. Rcc1 Rxc1 31. Rxc1 Qb5 32. Rc7+ Kh6 33. Qxf6 Qb1+ 34. Kh2 Qb8 35. Qg7+ Kg5 36. Qe7+ Kh6 37. Qh4# 1-0

[Event "Early-Titled-Tuesday-Blitz-June-18-2024"]
[Site "Chess.com"]
[Date "2024.06.18"]
[Round "1"]
[White "Mikozovna"]
[Black "Adrian-thorsen"]
[Result "1-0"]
[WhiteElo "2633"]
[BlackElo "2303"]
[TimeControl "180+1"]
[EndTime "8:06:46 PDT"]
[Termination "Mikozovna won by checkmate"]

1. d4 Nf6 2. Nf3 e6 3. c4 c5 4. e3 cxd4 5. exd4 d5 6. Nc3 Nc6 7. a3 Be7 8. cxd5 Nxd5 9. Bd3 O-O 10. O-O Bf6 11. Bc2 g6 12. Ne4 Bg7 13. Be3 f5 14. Nc5 b6 15. Na4 Bb7 16. Re1 Rc8 17.
Rc1 Qd7 18. Nc3 Nce7 19. Ne2 Nxe3 20. fxe3 Nd5 21. Qd3 Bh6 22. Nc3 Rfd8 23. Ne5 Qd6 24. Nb5 Qe7 25. Nxa7 Ra8 26. Nac6 Bxc6 27. Nxc6 Qg5 28.
Nxd8 Nxe3 29. Qe2 Rxd8 30. Bb3 Rxd4 31. Bxe6+ Kg7 32. Rc7+ Kf6 33. Bb3 Rg4 34. Rf7+ Ke5 35. Qb5+ Kf4 36. Qb4+ Ke5 37. Qc3+ Ke4 38. Qc4+ Ke5 39.
Qd5+ Kf4 40. Qd4# 1-0

[Event "Early-Titled-Tuesday-Blitz-June-18-2024"]
[Site "Chess.com"]
[Date "2024.06.18"]
[Round "1"]
[White "vugarrasulov"]
[Black "mortngabriel"]
[Result "1-0"]
[WhiteElo "2979"]
[BlackElo "2533"]
[TimeControl "180+1"]
[EndTime "8:06:47 PDT"]
[Termination "vugarrasulov won by checkmate"]

1. e4 c5 2. Nf3 Nc6 3. Bb5 Nf6 4. Bxc6 dxc6 5. d3 Bg4 6. Nbd2 Qc7 7. h3 Bh5 8. Nc4 Nd7 9. b3 e5 10. a4 Be7 11. Bb2 f6 12. Ne3 Bf7 13. Nf5 Bf8 14. g4 O-O-O 15. Qe2 g6 16. Ne3 Be7 17. O-O-O Nf8 18.
g5 Nd7 19. Ng4 Rhe8 20. Kb1 fxg5 21. Ngxe5 Nxe5 22. Bxe5 Qd7 23. Bb2 h6 24. Qe3 Qe6 25. d4 cxd4 26. Nxd4 Qd7 27. Rd3 Qc7 28. Rhd1 Bf6 29.
f3 Be5 30. Ne2 Bxb2 31. Kxb2 Rxd3 32. Rxd3 Rd8 33. Qxa7 Rxd3 34. cxd3 Qh2 35. Qe3 Qxh3 36. Qf2 Qd7 37. d4 Qe6 38. Qe3 h5 39. d5 cxd5 40.
e5 Qf5 41. Qc5+ Kb8 42. Qd6+ Ka7 43. Nc3 Qd3 44. Nb5+ Ka8 45. Qd8# 1-0

[Event "Early-Titled-Tuesday-Blitz-June-18-2024"]
[Site "Chess.com"]
[Date "2024.06.18"]
[Round "1"]
[White "Andrei_Skvortsov"]
[Black "Laico"]
[Result "1-0"]
[WhiteElo "2778"]
[BlackElo "2442"]
[TimeControl "180+1"]
[EndTime "8:06:47 PDT"]
[Termination "Andrei_Skvortsov won by resignation"]

1. e4 e6 2. d4 d5 3. exd5 exd5 4. Nf3 Nc6 5. Bb5 Bg4 6. O-O Bd6 7. h3 Bh5 8. c4 a6 9. Bxc6+ bxc6 10. c5 Be7 11.
Qa4 Bxf3 12. Qxc6+ Kf8 13. gxf3 Bf6 14. Be3 Ne7 15.
Qa4 Qc8 16. Kh2 Qf5 17. f4 Ng6 18. Qd1 h5 19. Nc3 Nxf4 20. Qf3 g5 21. Bxf4 gxf4 22. Nxd5 Rd8 23. Nxf6 Qxf6 24. d5 Qxb2 25. a4 Qe5 26. Rad1 Rh6 27. Rfe1 Qf5 28. Rd4 Rf6 29. Red1 a5 30. R4d3 Rg6 31. Rd4 Qc2 32. c6 Rg5 33. Rxf4 Rg7 34. Qxh5 Rd6 35. Re1 Rdg6 36. Qf3 Qd2 37.
Qe3 Rg2+ 38. Kh1 Rg1+ 39. Rxg1 1-0

[Event "Early-Titled-Tuesday-Blitz-June-18-2024"]
[Site "Chess.com"]
[Date "2024.06.18"]
[Round "1"]
[White "Sam_ChessMood"]
[Black "Schattman"]
[Result "1-0"]
[WhiteElo "2956"]
[BlackElo "2521"]
[TimeControl "180+1"]
[EndTime "8:06:48 PDT"]
[Termination "Sam_ChessMood won on time"]

1. d4 d5 2. c4 e6 3. Nc3 Be7 4.
cxd5 exd5 5. Bf4 c6 6. e3 Bf5 7. Nge2 Nf6 8. Ng3 Bg4 9. Qc2 O-O 10. Bd3 g6 11. h4 Nh5 12. Nxh5 Bxh5 13. f3 Bxh4+ 14. g3 Bg5 15. Kf2 Bxf4 16. exf4 f5 17. Rxh5 gxh5 18. Rh1 Nd7 19. Rxh5 Nf6 20. Rxf5 Qe7 21.
Re5 Qb4 22. Ne2 c5 23. a3 Qa5 24. Qxc5 Qxc5 25. dxc5 Rac8 26. b4 b6 27. Bf5 Rce8 28. c6 Kf7 29. c7 Rc8 30. Be6+ Kg7 31. Bxc8 Rxc8 32. Nd4 Kf7 33. Nb5 a6 34. Nd6+ 1-0

[Event "Early-Titled-Tuesday-Blitz-June-18-2024"]
[Site "Chess.com"]
[Date "2024.06.18"]
[Round "1"]
[White "klimkoj"]
[Black "IndianSchoolOfSuffering"]
[Result "1-0"]
[WhiteElo "2891"]
[BlackElo "2501"]
[TimeControl "180+1"]
[EndTime "8:06:48 PDT"]
[Termination "klimkoj won by resignation"]

1. e4 c5 2. Nf3 d6 3. c3 Nf6 4. h3 Nc6 5. Bd3 e6 6. O-O a6 7. Bc2 Be7 8. d4 cxd4 9. cxd4 O-O 10. Nc3 e5 11. Be3 exd4 12. Nxd4 Re8 13. Qd2 Nxd4 14. Qxd4 Be6 15. Rad1 Rc8 16. Bf4 b5 17. a3 Rc4 18.
Qa7 Qa8 19. Qxa8 Rxa8 20. Bxd6 Bxd6 21. Rxd6 b4 22. axb4 Rxb4 23. Rfd1 g6 24. e5 Ne8 25.
Rd8 Rbb8 26. Rxb8 Rxb8 27. Na4 Nc7 28. Rd6 Rb4 29. Rc6 Nb5 30. Rxa6 Nd4 31. Bd1 Rc4 32. Nc3 Rb4 33. Bg4 Rxb2 34. Ne4 Bd5 35. Nf6+ 1-0